 Dungeon Crawl Stone Soup version 5.7-8-g3a8b389 (webtiles) character file.

12804 justtesting the Carver (level 13, -1/94 HPs)
             Began as a Jiangshi Skald on Sept 30, 2018.
             Was a High Priest of Wu Jian.
             Slain by a skeletal warrior
             ... wielding a +0 long sword
              (5 damage)
             ... on level 14 of the Dungeon.
             The game lasted 01:10:45 (12770 turns).

justtesting the Carver (Jiangshi Skald)            Turns: 12770, Time: 01:10:45

Health: -1/94      AC:  7 (14%)Str: 19  XL:     13   Next: 49%
Magic:  0/19       EV: 18    Int: 17    God:    Wu Jian [5*[139]]
Gold:   325        SH:  0    Dex: 16    Spells: 4/23 levels left

rFire    . . .     SeeInvis +   a - +5 double sword (freeze)
rCold    + + .     Faith    .   (no shield)
rNeg     + + .     Spirit   +   A - +3 leather armour {MR+}
rPois    +         Reflect  .   l - +0 helmet
rElec    +                      q - +0 cloak {MP+9}
rCorr    .                      X - +2 pair of gloves {Str+3}
MR       +++..                  u - +0 pair of boots
Stlth    +++++++...             Q - amulet of guardian spirit
Regen    0.8/turn               O - ring of protection from magic
MPRegen  0.3/turn               L - ring of ice

@: corroded, regenerating, icy armour
A: hp from kills, fangs 3, see invisible, cold resistance 1, negative energy
resistance 2, poison resistance, electricity resistance, strong, unbreathing,
stiff legs 2
a: Hop, End Regeneration, End Ozocubu's Armour, Stop Singing, Wall Jump,
Serpent's Lash, Heavenly Storm, Renounce Religion


You were on level 14 of the Dungeon.
You worshipped Wu Jian.
Wu Jian was extremely pleased with you.
You were not thirsty.

You visited 2 branches of the dungeon, and saw 15 of its levels.
You visited the bazaar 1 time.
You also visited: Ice Cave.

You collected 1365 gold pieces.
You spent 1040 gold pieces at shops.

Inventory:

Hand Weapons
 a - a +5 double sword of freezing (weapon)
 E - the +0 dagger of the Puffball {devast, *Slow +Rage rElec rPois}
   (You found it on level 7 of the Dungeon)

   Attacks with this weapon are slower, but deal significantly more damage.
   It insulates you from electricity.
   It protects you from poison.
   It lets you go berserk.
   It may slow you when you take damage.
 H - the +9 staff of Olgreb {rPois}
   (You found it on level 8 of the Dungeon)

   It protects you from poison.
 J - the +3 dagger of Doom {flame, rElec rC- Str+4}
   (You found it on level 9 of the Dungeon)

   It has been specially enchanted to produce a fiery explosion on hit, causing
   extra injury to most foes and up to half again as much damage against
   particularly susceptible opponents.
   It affects your strength (+4).
   It makes you vulnerable to cold.
   It insulates you from electricity.
Missiles
 d - 18 frenzy darts
 f - 77 poisoned darts (quivered)
 x - 101 tomahawks
 V - 98 javelins of penetration
 W - 72 javelins
Armour
 c - the +0 pair of gloves of the Alphagorgon {rPois rCorr Int-3 Stlth+}
   (You found it on level 12 of the Dungeon)

   It affects your intelligence (-3).
   It protects you from poison.
   It protects you from acid and corrosion.
   It makes you more stealthy.
 l - a +0 helmet (worn)
 q - a +0 cloak of magical power (worn)
 u - a +0 pair of boots (worn)
 A - a +3 leather armour of magic resistance (worn)
 X - a +2 pair of gloves of strength (worn)
Jewellery
 n - a +3 ring of protection
 L - a ring of ice (right hand)
 O - a ring of protection from magic (left hand)
 Q - an amulet of guardian spirit (around neck)
 R - a +5 ring of dexterity
 S - an uncursed ring of fire
 T - a +3 ring of evasion
 U - an uncursed ring of positive energy
Wands
 b - a wand of lightning (8)
 t - a wand of acid (4)
 B - a wand of flame (15)
 F - a wand of digging (8)
 I - a wand of slimification (4)
 P - a wand of paralysis (3)
Scrolls
 h - 8 scrolls of amnesia
 j - 3 scrolls of immolation
 m - 3 scrolls of magic mapping
 o - a scroll of fog
 p - 2 scrolls of blinking
 r - a scroll of enchant armour
 s - 6 scrolls of teleportation
Potions
 e - 3 potions of invisibility
 g - 4 potions of resistance
 i - 4 potions of heal wounds
 k - 4 potions of haste
 v - 2 potions of mutation
 w - 2 potions of augmentation
 z - 3 potions of cancellation
 C - a potion of flight
 G - 3 potions of lignification
 K - a potion of berserk rage
Miscellaneous
 y - a lamp of fire
 N - a sack of spiders


   Skills:
 + Level 6.5 Fighting
 - Level 14.7 Blades
 - Level 0.7 Armour
 + Level 8.8 Dodging
 - Level 13.6 Stealth
 + Level 14.1 Hexes
 - Level 8.8 Charms
 - Level 2.1 Necromancy
 - Level 2.7 Ice Magic


You had 4 spell levels left.
You knew the following spells:

 Your Spells              Type           Power        Failure   Level  Hunger
a - Infusion              Chrm           25 (25)      1%          1    N/A
b - Song of Slaying       Chrm           30 (100)     1%          2    N/A
c - Regeneration          Chrm/Necr      18 (200)     9%          3    N/A
d - Ozocubu's Armour      Chrm/Ice       29 (100)     26%         4    N/A
e - Swiftness             Chrm/Air       15 (100)     7%          2    N/A
f - Confuse               Hex            48 (100)     1%          3    N/A
g - Cause Fear            Hex            48 (200)     1%          4    N/A

Your spell library contained the following spells:

 Spells                   Type           Power        Failure   Level  Hunger
 Slow                     Hex            48 (100)     1%          2    N/A
 Haste                    Chrm           30 (200)     100%        9    N/A
 Invisibility             Hex            48 (200)     56%         7    N/A
 Controlled Blink         Tloc           N/A          100%        8    N/A
 Teleport Other           Tloc           0 (100)      63%         3    N/A
 Summon Small Mammal      Summ           0 (25)       28%         1    N/A
 Bolt of Draining         Necr           7 (200)      97%         5    N/A
 Blink                    Tloc           N/A          38%         2    N/A
 Dispel Undead            Necr           7 (100)      97%         5    N/A
 Agony                    Necr           7 (100)      97%         5    N/A
 Deflect Missiles         Chrm/Air       15 (200)     100%        6    N/A
 Confusing Touch          Hex            48 (50)      1%          1    N/A
 Passwall                 Tmut/Erth      0 (200)      38%         2    N/A
 Metabolic Englaciation   Hex/Ice        43 (200)     24%         5    N/A
 Silence                  Hex/Air        24 (200)     16%         4    N/A
 Dispersal                Tloc           0 (200)      100%        6    N/A
 Corona                   Hex            48 (90)      1%          1    N/A
 Lee's Rapid Deconstruct  Erth           0 (200)      100%        5    N/A
 Excruciating Wounds      Chrm/Necr      18 (200)     63%         5    N/A
 Portal Projectile        Hex/Tloc       24 (50)      4%          3    N/A
 Petrify                  Tmut/Erth      0 (100)      95%         4    N/A
 Passage of Golubria      Tloc           N/A          95%         4    N/A
 Leda's Liquefaction      Hex/Erth       24 (200)     16%         4    N/A
 Darkness                 Hex            48 (200)     56%         7    N/A
 Disjunction              Tloc           0 (200)      100%        8    N/A
 Force Lance              Tloc/Erth      0 (100)      63%         3    N/A
 Spectral Weapon          Chrm/Summ      15 (100)     77%         5    N/A
 Discord                  Hex            48 (200)     99%         8    N/A
 Yara's Violent Unravell  Hex/Tmut       24 (200)     38%         5    N/A
 Lesser Beckoning         Tloc           0 (100)      63%         3    N/A
 Piercing Shot            Chrm/Tloc      15 (200)     77%         5    N/A

Dungeon Overview and Level Annotations

Branches:
Dungeon (14/15)            Bazaar (1/1)

Altars:
Cheibriados
Dithmenos
Elyvilon
Gozag
Jiyva
Kikubaaqudgha
Lugonu
Makhleb
Nemelex Xobeh
Okawaru
Qazlal
Ru
Sif Muna
Trog
Uskayaw
Vehumet
Wu Jian
Xom
Yredelemnul
Zin
The Shining One

Shops:
Bazaar [*([:

Annotations:
D:8 1 runed door


Innate Abilities, Weirdness & Mutations

You sometimes restore health when killing living enemies.
You have razor-sharp teeth.
You have supernaturally acute eyesight. (SInv)
Your flesh is cold resistant. (rC+)
You are quite resistant to negative energy. (rN++)
Your system is resistant to poisons. (rPois)
You can survive without breathing.
You can hop longer distances.
You are resistant to electric shocks. (rElec)
Your muscles are strong. (Str +5)


Message History

The wizard barely misses you.
You completely miss the wizard.
The wizard is severely wounded.
The wizard completely misses you. The skeletal warrior misses you.
The skeletal warrior hits you with a +0 hand axe (10)!
* * * LOW HITPOINT WARNING * * *
Unknown command.
Unknown command.
You spin and attack the skeletal warrior.
You barely miss the skeletal warrior. You bite the skeletal warrior (3).
The skeletal warrior is almost destroyed.
You spin and attack the skeletal warrior.
You slash the skeletal warrior (7)! You freeze the skeletal warrior (1).
The skeletal warrior is heavily damaged.
You feel less evasive.
The wizard gestures at you while chanting.
The crystal spear hits you!
That hurt (23)!
* * * LOW HITPOINT WARNING * * *
The skeletal warrior hits you with a +0 long sword (6).
You die...

... #.. #.. .[#.####
# #..# ##..#..#(# #.
#..##..##.#.# ...
#......#...### ....
#....##.....##
..p..#....#...Fzz.##
...........z...p@..#
#.......#.##...P##
##.....#####.....##
#P..z## ###....#
##.... #P...##
#.#.... #.......#
###.z..# #P#.....#
#P...z #####......
##....# ......


You could see 3 skeletal warriors, a wizard and a spiny frog.

Vanquished Creatures
  Kirke (D:12)
  A hydra (D:12)
  Harold (D:11)
  2 ice dragons (IceCv)
  A centaur warrior (D:13)
  2 two-headed ogres
  3 death yaks (D:13)
  A tengu warrior (D:13)
  An orc high priest (D:11)
  Nergalle (D:12)
  5 skeletal warriors (D:11)
  3 deep elf magi
  2 manticores (D:12)
  7 ugly things
  3 cyclopes
  A guardian serpent (shapeshifter) (D:13)
  A black mamba (D:9)
  2 ice statues (IceCv)
  3 spiny frogs
  2 rime drakes (IceCv)
  A troll (D:9)
  A tengu conjurer (D:13)
  A meliai zombie (D:11)
  A slime creature (D:12)
  3 wyverns
  An air elemental (shapeshifter) (D:13)
  2 centaur simulacra (D:12)
  A water elemental (D:12)
  2 shadows
  11 yaks
  5 wraiths
  2 steam dragons
  An acid dragon (D:12)
  2 soldier ants (D:8)
  A spiny frog zombie (D:8)
  4 water moccasins
  A black bear (D:11)
  A spiny frog skeleton (D:7)
  2 wasps
  16 ice beasts
  5 orc warriors
  A phantom (D:6)
  2 blink frog zombies
  2 wolves (D:12)
  6 ogres
  11 centaurs
  A blink frog skeleton (D:13)
  2 bullfrogs (D:9)
  A wyvern zombie (D:9)
  A wyvern skeleton (D:13)
  3 scorpions
  4 crimson imps
  A water moccasin skeleton (D:6)
  6 wights
  15 killer bees
  A howler monkey (D:3)
  2 electric eels (D:12)
  4 centaur zombies
  A quasit (D:7)
  2 wasp zombies
  3 jellies
  5 orc priests
  6 centaur skeletons
  6 hounds
  Jessica (D:3)
  8 orc wizards
  10 worker ants
  4 iguanas
  2 hound skeletons
  2 howler monkey zombies (D:6)
  Samantha (D:2)
  13 adders
  A shadow imp (D:4)
  13 white imps
  An ufetubus (D:12)
  2 oozes
  3 dart slugs
  27 orcs
  9 quokkas
  9 bats
  2 giant cockroaches
  15 goblins
  12 hobgoblins
  4 jackals (D:5)
  9 kobolds
  2 ball pythons (D:2)
  6 frilled lizards
  9 rats
358 creatures vanquished.

Vanquished Creatures (others)
  A two-headed ogre (D:12)
1 creature vanquished.

Grand Total: 359 creatures vanquished

Notes
Turn   | Place    | Note
-------+----------+-------------------------------------------
     0 | D:1      | justtesting the Jiangshi Skald began the quest for the Orb.
     0 | D:1      | Reached XP level 1. HP: 16/16 MP: 2/2
   124 | D:1      | Reached XP level 2. HP: 17/22 MP: 4/4
   243 | D:1      | Reached skill level 1 in Stealth
   491 | D:1      | Reached XP level 3. HP: 21/27 MP: 5/5
   725 | D:1      | Gained mutation: You expend magic power (3 MP) to strengthen your wands. [mutagenic hatch]
   727 | D:2      | Learned a level 2 spell: Song of Slaying
   749 | D:2      | Reached skill level 5 in Charms
   905 | D:2      | Noticed Samantha
   938 | D:2      | Killed Samantha
   952 | D:2      | Reached XP level 4. HP: 24/33 MP: 5/5
  1040 | D:2      | Learned a level 3 spell: Regeneration
  1512 | D:3      | Reached skill level 1 in Necromancy
  1565 | D:3      | Found a viscous altar of Jiyva.
  1637 | D:3      | Reached XP level 5. HP: 35/38 MP: 1/1
  1797 | D:3      | Found a faded altar of an unknown god.
  1940 | D:3      | Found a glowing golden altar of the Shining One.
  1940 | D:3      | Noticed Jessica
  1958 | D:3      | Killed Jessica
  1958 | D:3      | Reached XP level 6. HP: 42/44 MP: 4/4
  2210 | D:3      | Found a sacrificial altar of Ru.
  2508 | D:3      | Gained mutation: You are dopey. (Int -5) [mutagenic hatch]
  2836 | D:4      | Found a snail-covered altar of Cheibriados.
  3014 | D:4      | Reached skill level 5 in Stealth
  3125 | D:4      | Reached XP level 7. HP: 43/49 MP: 3/3
  3378 | D:4      | Found a shadowy altar of Dithmenos.
  3394 | D:5      | Entered Level 5 of the Dungeon
  3429 | D:5      | Found an ancient bone altar of Kikubaaqudgha.
  3430 | D:5      | Found a basalt altar of Yredelemnul.
  3430 | D:5      | Found a white marble altar of Elyvilon.
  3548 | D:5      | Noticed a hand axe
  3548 | D:5      | Noticed a dagger
  3550 | D:5      | Found a hide-covered altar of Uskayaw.
  3633 | D:5      | Found a shimmering altar of Xom.
  3732 | D:5      | Reached skill level 5 in Blades
  3984 | D:5      | Found a glowing silver altar of Zin.
  3985 | D:5      | Noticed an angel
  4060 | D:5      | Found an ornate altar of the Wu Jian Council.
  4066 | D:5      | Became a worshipper of the Wu Jian Council
  4326 | D:5      | Reached XP level 8. HP: 55/55 MP: 6/6
  4432 | D:6      | Learned a level 4 spell: Ozocubu's Armour
  4550 | D:6      | Found a corrupted altar of Lugonu.
  4608 | D:6      | Found a burning altar of Makhleb.
  4612 | D:6      | Reached skill level 1 in Ice Magic
  4965 | D:6      | Found a radiant altar of Vehumet.
  4999 | D:6      | Found a sparkling altar of Nemelex Xobeh.
  5112 | D:6      | Found a deep blue altar of Sif Muna.
  5149 | D:6      | Got Sif Muna's Reference Book on Calling
  5197 | D:6      | Found a stormy altar of Qazlal.
  5198 | D:6      | Noticed an air elemental
  5206 | D:6      | Found an iron altar of Okawaru.
  5359 | D:6      | Gained mutation: You evolve. [mutagenic hatch]
  5461 | D:7      | Reached * piety under Wu Jian
  5486 | D:7      | Reached XP level 9. HP: 33/61 MP: 7/7
  5703 | D:7      | Found an opulent altar of Gozag.
  5855 | D:7      | Lost mutation: You expend magic power (3 MP) to strengthen your wands. [potion of mutation]
  5855 | D:7      | Lost mutation: You are dopey. (Int -5) [potion of mutation]
  5855 | D:7      | Lost mutation: You evolve. [potion of mutation]
  5855 | D:7      | Gained mutation: Your muscles are strong. (Str +5) [potion of mutation]
  5855 | D:7      | Gained mutation: You are resistant to electric shocks. (rElec) [potion of mutation]
  6227 | D:7      | Noticed a moth of wrath
  6230 | D:7      | Found a bloodstained altar of Trog.
  6305 | D:7      | Got the +0 dagger of the Puffball {devast, *Slow +Rage rElec rPois}
  6437 | D:8      | Reached skill level 1 in Hexes
  6490 | D:8      | Reached skill level 10 in Stealth
  6644 | D:8      | Reached ** piety under Wu Jian
  6653 | D:8      | Reached skill level 10 in Blades
  6819 | D:8      | Found a runed gate.
  6819 | D:8      | Found a runed gate.
  6828 | D:8      | Found a runed gate.
  6914 | D:8      | Reached XP level 10. HP: 67/67 MP: 4/4
  6966 | D:8      | Found a runed door.
  6973 | D:8      | Found a runed door.
  7155 | D:8      | Reached skill level 5 in Hexes
  7483 | D:9      | Noticed a black mamba
  7483 | D:9      | Noticed a purple ugly thing
  7485 | D:9      | Noticed a two-headed ogre
  7489 | D:9      | Killed a black mamba
  7554 | D:9      | Killed a purple ugly thing
  7615 | D:9      | Killed a two-headed ogre
  7691 | D:9      | Got the +3 dagger of Doom {flame, rElec rC- Str+4}
  7746 | D:9      | Reached *** piety under Wu Jian
  8111 | D:9      | Learned a level 2 spell: Swiftness
  8112 | D:10     | Entered Level 10 of the Dungeon
  8141 | D:10     | Reached XP level 11. HP: 65/72 MP: 6/6
  8878 | D:11     | Found a frozen archway.
  8913 | IceCv    | Entered an ice cave
  9027 | IceCv    | Reached **** piety under Wu Jian
  9208 | IceCv    | Noticed an ice dragon
  9209 | IceCv    | Noticed an ice dragon
  9244 | IceCv    | Killed an ice dragon
  9313 | IceCv    | Killed an ice dragon
  9641 | D:11     | Noticed Harold
  9647 | D:11     | Found a gateway to a bazaar.
  9652 | D:11     | Killed Harold
  9652 | D:11     | Reached skill level 10 in Hexes
  9655 | D:11     | Found an opulent altar of Gozag.
  9689 | D:11     | Learned a level 3 spell: Confuse
 10013 | D:11     | Reached XP level 12. HP: 78/78 MP: 8/8
 10038 | D:11     | Noticed an orc high priest
 10049 | D:11     | Killed an orc high priest
 10692 | Bazaar   | Entered a bazaar
 10696 | Bazaar   | Found Toozan's Book Boutique.
 10713 | Bazaar   | Found Waixt's Armour Shop.
 10714 | Bazaar   | Found Woxuig's Antique Weapon Boutique.
 10731 | Bazaar   | Found Lykeg's Assorted Antiques.
 10734 | Bazaar   | Found Soexadee's Antique Armour Shop.
 10790 | Bazaar   | Bought a +2 pair of gloves of strength for 774 gold pieces
 10821 | Bazaar   | Bought a +2 leather armour of magic resistance for 266 gold pieces
 10860 | D:12     | Noticed Nergalle
 10863 | D:12     | Noticed a seven-headed hydra
 10866 | D:12     | Killed a two-headed ogre
 10866 | D:12     | Reached skill level 5 in Dodging
 10872 | D:12     | Killed Nergalle
 10889 | D:12     | Killed a seven-headed hydra
 10890 | D:12     | Reached ***** piety under Wu Jian
 10971 | D:12     | Learned a level 4 spell: Cause Fear
 10976 | D:12     | Noticed Kirke
 11005 | D:12     | Killed Kirke
 11041 | D:12     | Got the +0 pair of gloves of the Alphagorgon {rPois rCorr Int-3 Stlth+}
 11364 | D:12     | Found a glowing golden altar of the Shining One.
 11951 | D:13     | Gained mutation: You can hop longer distances. [Jiangshi growth]
 11951 | D:13     | Reached XP level 13. HP: 90/90 MP: 10/10
 11984 | D:13     | Reached skill level 5 in Fighting
 12770 | D:14     | HP: 4/94 [wizard/crystal spear (18)]
 12770 | D:14     | Slain by a skeletal warrior

Skill      XL: |  1  2  3  4  5  6  7  8  9 10 11 12 13 |
---------------+----------------------------------------+-----
Stealth        | 1 2 3 4 5 6 8 10 12 13 | 13.6
Charms         | 5 6 8 |  8.8
Blades         | 3 4 5 7 10 12 14 | 14.7
Necromancy     | 1 2 |  2.1
Ice Magic      | 2 |  2.7
Hexes          | 4 7 10 12 14 | 14.1
Dodging        | 3 7 8 |  8.8
Fighting       | 4 6 |  6.5
Armour         | |  0.7

Action                   |  1- 3 |  4- 6 |  7- 9 | 10-12 | 13-15 || total
-------------------------+-------+-------+-------+-------+-------++-------
Melee: Rapier            |   114 |    70 |       |       |       ||   184
       Bite              |     4 |    12 |    26 |    47 |     5 ||    94
       Long sword        |       |    86 |   260 |       |       ||   346
       Dagger            |       |     1 |       |       |       ||     1
       Double sword      |       |       |    50 |   349 |    58 ||   457
Throw: Poisoned dart     |       |    20 |    66 |    12 |       ||    98
 Cast: Song of Slaying   |     1 |       |       |       |       ||     1
       Regeneration      |       |     1 |       |       |       ||     1
       Ozocubu's Armour  |       |       |     1 |       |       ||     1
       Confuse           |       |       |       |     2 |       ||     2
Invok: Lunge             |       |       |    21 |    36 |    11 ||    68
       Wall Jump         |       |       |     1 |    20 |     7 ||    28
       Whirlwind         |       |       |     1 |    59 |    23 ||    83
 Abil: Hop               |       |       |     1 |       |       ||     1
Evoke: Staff of Olgreb   |       |       |       |    16 |       ||    16
       Wand              |       |       |       |     1 |       ||     1
  Use: Scroll            |       |       |     3 |     3 |       ||     6
       Potion            |       |       |     2 |       |       ||     2
 Stab: Sleeping          |     2 |    14 |    29 |    26 |    19 ||    90
       Distracted        |     1 |     1 |     1 |     3 |       ||     6
Armor: Leather armour    |    25 |    49 |    74 |    58 |     7 ||   213
Dodge: Dodged            |    67 |   101 |   181 |   155 |    20 ||   524
